 Dungeon Crawl Stone Soup version 0.24.0-125-gc4c63601f3 (webtiles) character file.

Game seed: 13129957910965028799, levelgen mode: deterministic

62 FluffierThanThou the Skirmisher (level 3, 0/33 HPs)
             Began as a Minotaur Fighter on Mar 10, 2020.
             Slain by an orc wizard
             ... wielding a +0 dagger
              (2 damage)
             ... on level 2 of the Dungeon.
             The game lasted 00:02:26 (872 turns).

FluffierThanThou the Skirmisher (Minotaur Fighter)   Turns: 872, Time: 00:02:26

Health: 0/33       AC:  7    Str: 21    XL:     3   Next: 85%
Magic:  2/2        EV:  7    Int:  5    God:
Gold:   120        SH:  0    Dex:  9    Spells: 2/2 levels left

rFire    . . .     SeeInvis .   a - +0 war axe
rCold    . . .     Gourm    .   c - +0 shield
rNeg     . . .     Faith    .   b - +0 scale mail
rPois    .         Spirit   .   (helmet restricted)
rElec    .         Reflect  .   (no cloak)
rCorr    .         Harm     .   (no gloves)
MR       .....                  (no boots)
Stlth    ..........             (no amulet)
HPRegen  0.11/turn              (no ring)
MPRegen  0.08/turn              (no ring)

@: confused
A: retaliatory headbutt, horns 2
a: no special abilities


You were on level 2 of the Dungeon.
You were not hungry.

You visited 1 branch of the dungeon, and saw 2 of its levels.

You collected 120 gold pieces.

Inventory:

Hand Weapons
 a - a +0 war axe (weapon)
Armour
 b - a +0 scale mail (worn)
 c - a +0 shield (worn)
 l - a +0 pair of gloves
   (You found it on level 1 of the Dungeon)
Scrolls
 h - 3 scrolls of identify {unknown}
 i - a scroll of amnesia {unknown}
 j - 2 scrolls of remove curse {unknown}
 n - a scroll of fog {unknown}
Potions
 d - a potion of might
 g - a potion of curing {unknown}
 k - a potion of cancellation {unknown}
 m - a potion of flight {unknown}
Comestibles
 e - 2 rations {!d}
 f - 10 chunks of flesh


   Skills:
 + Level 4.3 Fighting
 + Level 3.2 Axes
 + Level 4.3 Armour
 + Level 4.2 Shields


You had 2 spell levels left.
You didn't know any spells.
Your spell library was empty.

Dungeon Overview and Level Annotations

Branches:
Dungeon (2/15)

Altars:


Innate Abilities, Weirdness & Mutations

You reflexively headbutt those who attack you in melee.
You have a pair of horns on your head.


Message History

* * * LOW HITPOINT WARNING * * *
You closely miss something. You headbutt something.
Something hits you but does no damage.
You hear some strange, mumbled words.
A puff of flame appears from out of thin air!
You block the puff of flame.
You closely miss something. Something hits you but does no damage.
You closely miss something. Something hits you but does no damage.
You closely miss something.
You hear some strange, mumbled words.
A puff of flame appears from out of thin air!
You block the puff of flame. Something hits you but does no damage.
You miss something. Something hits you but does no damage.
You barely miss something. Something hits you but does no damage.
You hear some strange, mumbled words.
You are confused.
Something hits you but does no damage.
Items here: )) [ †† a cursed -3 club; a +0 dagger; a +0 robe; an orc corpse x2
You hear some strange, mumbled words.
A puff of flame appears from out of thin air!
The puff of flame hits you.
* * * LOW HITPOINT WARNING * * *
There is a stone staircase leading down here.
You completely miss something.
You hear some strange, mumbled words.
Something tries to affect you, but you resist.
You barely miss something. Your headbutt misses something.
Something hits you but does no damage.
You hear some strange, mumbled words.
You are more confused.
You barely miss something. Your headbutt misses something.
Something hits you but does no damage.
You bump into the rock wall.
Something hits you but does no damage.
You closely miss something. Something hits you.
* * * LOW HITPOINT WARNING * * *
You bump into the rock wall.
Something hits you but does no damage.
You barely miss something. Something hits you but does no damage.
You hear some strange, mumbled words.
You are more confused.
You miss something. Your headbutt misses something. Something hits you.
* * * LOW HITPOINT WARNING * * *
You bump into the rock wall.
Something hits you but does no damage.
You completely miss something.
You hear some strange, mumbled words.
A magic dart appears from out of thin air!
The magic dart hits you.
* * * LOW HITPOINT WARNING * * *
Something hits you.
You die...

..........#####.# #.#
###.....##.# #.#
#...###....#
#.####.#####.####
#$#........#.#
#.#.##.###.#.#
#.#......#.#.# #
#)#..........#
####.###@#..........#
#......{)#.......)..#
..##.##.!#÷.....#.#.#
#.......####.#.# .
####..#.# .# # #..#.#
#. #...^. .. #.##...
.# #.#####.


There were no monsters in sight!

Vanquished Creatures
  An orc wizard (D:2)
  A worm (D:2)
  A leopard gecko (D:2)
  2 orcs (D:2)
  5 goblins
  7 hobgoblins
  2 jackals (D:1)
  A ball python (D:1)
  4 bats
  A frilled lizard (D:1)
  3 kobolds
  2 rats
30 creatures vanquished.

Notes
Turn   | Place    | Note
-------+----------+-------------------------------------------
     0 | D:1      | FluffierThanThou the Minotaur Fighter began the quest for
                  | the Orb.
     0 | D:1      | Reached XP level 1. HP: 19/19 MP: 0/0
   117 | D:1      | Reached XP level 2. HP: 19/27 MP: 1/1
   764 | D:2      | Reached XP level 3. HP: 31/33 MP: 2/2
   872 | D:2      | Slain by an orc wizard

Levels and vault maps discovered:
D:1:      lightli_arrival_statuegarden, layout_loops_ring, minmay_pentomino_r4
D:2:      layout_loops_ring, trog_butcher_becter

Skill      XL: |  1  2 |
---------------+-------+-----
Armour         | 4 |  4.3
Fighting       | 4 |  4.3
Shields        | 4 |  4.2
Axes           | 3 |  3.2

Action                   || total
-------------------------++-------
Melee: War axe           ||   123
       Headbutt          ||    13
Armor: Scale mail        ||    58
Dodge: Dodged            ||    26
Block: Shield            ||    64
